 Dungeon Sprint DCSS version 0.17-a0-1575-g9a29ec8 (webtiles) character file.

0 nuthulu the Chucker (level 1, -8/20 HPs)
             Began as a Troll Hunter on July 26, 2015.
             Was an Initiate of Okawaru.
             Mangled by Sigmund
             ... wielding a +0 scythe
              (17 damage)
             ... in the Dungeon (Sprint VI: "Thunderdome").
             The game lasted 00:01:02 (65 turns).

nuthulu the Chucker (Troll Hunter)                    Turns: 65, Time: 00:01:02

Health: -8/20      AC:  7    Str: 16    XL:     1   Next: 25%
Magic:  0/0        EV: 10    Int: 13    God:    Okawaru [......]
Gold:   8          SH:  0    Dex: 10    Spells: 0 memorised, 0 levels left

rFire  . . .     SeeInvis .     o - +0 giant spiked club
rCold  . . .     Clarity  .     d - +0 robe
rNeg   . . .     SustAt   .     (no shield)
rPois  +         Gourm    +     (helmet restricted)
rElec  +         Spirit   .     (no cloak)
rCorr  .         Warding  .     (gloves unavailable)
rMut   .         NoTele   +     (boots unavailable)
MR     .....                    r - amulet "Obiopn" {*Drain +Rage rElec Str-3 Slay+6}
Stlth  +.........               q - ring "Plog" {AC+2 Int+6}
                                p - ring "Cimu" {Wiz rPois}

@: confused, hasted, very quick, not resistant to hostile enchantments, very
unstealthy
A: unfitting armour, claws 3, fast metabolism 3, gourmand, regeneration 2,
shaggy fur 1, tough skin 2
a: Renounce Religion, Evoke Berserk Rage


You were in the Dungeon.
You worshipped Okawaru.
Okawaru was noncommittal.
You were not hungry.

You visited 1 branch You collected 200 gold pieces.
You spent 192 gold pieces at shops.

Inventory:

Hand weapons
 o - a +0 giant spiked club (weapon)
Missiles
 a - a large rock (quivered)
 b - 2 throwing nets
Armour
 d - a +0 robe (worn)
Jewellery
 p - the ring "Cimu" (left claw) {Wiz rPois}
   (You bought it in a shop in the Dungeon)

   [ring of wizardry]

   It improves your spell success rate.
   It protects you from poison.
 q - the ring "Plog" (right claw) {AC+2 Int+6}
   (You bought it in a shop in the Dungeon)

   [ring of protection]

   It affects your AC (+2).
   It affects your intelligence (+6).
 r - the amulet "Obiopn" (around neck) {*Drain +Rage rElec Str-3 Slay+6}
   (You bought it in a shop in the Dungeon)

   [amulet of rage]

   It affects your strength (-3).
   It affects your accuracy and damage with ranged weapons and melee attacks
   (+6).
   It insulates you from electricity.
   It lets you go berserk.
   It causes draining when unequipped.
Magical devices
 l - a wand of cold (5)
 m - a wand of fire (5)
Scrolls
 k - 4 scrolls of blinking
 n - 3 scrolls of fog
Potions
 c - 2 potions of resistance
 g - 4 potions of heal wounds
 h - 3 potions of haste
 i - 2 potions of magic
 j - a potion of berserk rage
Comestibles
 e - 2 bread rations


   Skills:
 + Level 1.9 Fighting
 + Level 0.6 Maces & Flails
 + Level 3.7 Throwing
 + Level 1.9 Dodging
 - Level 0.4 Stealth


You couldn't memorise any spells.
You didn't know any spells.

Dungeon Overview and Level Annotations

Branches:
Dungeon (1/1)

Altars:
Dithmenos
Fedhas
Gozag
Kikubaaqudgha
Makhleb
Okawaru
Qazlal
Ru
Sif Muna
Trog
Vehumet
Xom
Yredelemnul
Zin
The Shining One
Jiyva
Lugonu

Shops:
D *[%??*?*:[((

Annotations:
D Sigmund


Innate Abilities, Weirdness & Mutations

You are too large for most types of armour.
You have claws for hands.
Your metabolism is lightning-fast.
You like to eat raw meat.
You heal very quickly.
You are covered in fur (AC +1).
You have very tough skin (AC +2).


Message History

You throw a large rock. The large rock closely misses Sigmund.
Throwing (i - inventory. (,) - cycle):
a - 2 large rocks (quivered)
Press: ? - help, Shift-Dir - straight line, f/p - Sigmund
Aim: Sigmund, wielding a scythe and wearing a runed robe (lightly wounded)
You throw a large rock. The large rock hits Sigmund!!
Sigmund is severely wounded.
Sigmund gestures wildly while chanting.
Sigmund flickers and vanishes!
Deactivating autopickup; reactivate with Ctrl-A.
Unknown command.
Something hits you but does no damage.
You miss something. Something hits you.
You barely miss something. Something hits you!
You barely miss something. Something hits you but does no damage.
You hear some strange, mumbled words.
You are confused.
Drink which item? (? for menu, Esc to quit)
You feel yourself speed up. Something hits you!
Ouch! That really hurt!
You die...

##⌠⌠⌠## #..(..# ##.....##
##∩.....∩## #∩...(...∩#
#_......._# #....{..._#
#_...@..._#
###.........###
#⌠...........⌠#
######.8...(.....8.#
##∩_._......###......
###∩........8.# .8......
##.............###........
#⌠..........###.).###.....
#⌠..........# #.<.# .....


There were no monsters in sight!

Vanquished Creatures
  A giant gecko (D)
1 creature vanquished.

Notes
Turn   | Place    | Note
--------------------------------------------------------------
     0 | D        | nuthulu the Troll Hunter began the quest for the Orb.
     0 | D        | Reached XP level 1. HP: 19/19 MP: 0/0
     4 | D        | Found a shimmering altar of Xom.
     4 | D        | Found a blossoming altar of Fedhas.
     5 | D        | Found a corrupted altar of Lugonu.
     5 | D        | Found a viscous altar of Jiyva.
     5 | D        | Round 1.
     6 | D        | Found an ancient bone altar of Kikubaaqudgha.
     7 | D        | Found an iron altar of Okawaru.
     7 | D        | Found a deep blue altar of Sif Muna.
     7 | D        | Found Fuda's Weapon Rack.
     7 | D        | Found Egitelaw's Premium Goods.
     8 | D        | Found Ytuaz's Basic Armour.
     8 | D        | Found Icoxet's Miscellaneous Merchandise.
    15 | D        | Bought a +0 giant spiked club for 57 gold pieces
    20 | D        | Found a stormy altar of Qazlal.
    24 | D        | Became a worshipper of Warmaster Okawaru
    26 | D        | Found a basalt altar of Yredelemnul.
    29 | D        | Found a glowing silver altar of Zin.
    30 | D        | Found Muchy's Identification Station.
    31 | D        | Found Haskigome's Advanced Armour.
    31 | D        | Found Jeetuiho's Jewellery.
    31 | D        | Found a glowing golden altar of the Shining One.
    31 | D        | Found a radiant altar of Vehumet.
    31 | D        | Found Dauttioj's Bee Food.
    35 | D        | Found an opulent altar of Gozag.
    39 | D        | Bought a vibrating brass ring for 45 gold pieces
    39 | D        | Bought an ancient copper ring for 45 gold pieces
    39 | D        | Identified the ring "Cimu" {Wiz rPois} (You bought it in a shop in the Dungeon)
    40 | D        | Identified the ring "Plog" {AC+2 Int+6} (You bought it in a shop in the Dungeon)
    41 | D        | Bought a coiled tin amulet for 45 gold pieces
    41 | D        | Identified the amulet "Obiopn" {*Drain +Rage rElec Str-3 Slay+6} (You bought it in a shop in the Dungeon)
    51 | D        | Found a shadowy altar of Dithmenos.
    52 | D        | Found a burning altar of Makhleb.
    52 | D        | Found a sacrificial altar of Ru.
    52 | D        | Found a bloodstained altar of Trog.
    52 | D        | Found Puthairch's Magic Scroll Shop.
    52 | D        | Found Ungiebu's Staff Store.
    53 | D        | Found Otriolus's Magic Scroll Shop.
    53 | D        | Found Owohauwk's Must-Have Magic.
    55 | D        | Noticed Sigmund
    65 | D        | Mangled by Sigmund

Vault maps used:
D:        arena_sprint

Action                   || total
-------------------------++-------
Melee: Giant spiked club ||     4
Throw: Large rock        ||     4
  Use: Potion            ||     2
